 Dungeon Crawl Stone Soup version 0.31.0-11-ge490571c62 (webtiles) character file.

Game seed: 1647252362429155812

295 Arcadio the Poker (level 6, -5/51 HPs)
             Began as a Merfolk Monk on Jan 28, 2024.
             Slain by Crazy Yiuf
             ... wielding a +3 quarterstaff of chaos
              (6 damage)
             ... on level 2 of the Dungeon.
             The game lasted 00:03:39 (2261 turns).

Arcadio the Poker (Merfolk Monk)                    Turns: 2261, Time: 00:03:40

Health: -5/51      AC:  5    Str: 13    XL:     6   Next: 34%
Magic:  6/6        EV: 13    Int:  9    God:
Gold:   89         SH:  0    Dex: 17    Spells: 5/5 levels left

rFire   . . .        a - +0 spear
rCold   . . .        d - orb {light}
rNeg    . . .        f - +0 ring mail
rPois   .            (no helmet)
rElec   .            (no cloak)
rCorr   .            (no gloves)
SInv    .            (no boots)
Will    .....        (no amulet)
Stlth   +            (no ring)
HPRegen 0.28/turn    (no ring)
MPRegen 0.10/turn

%: no passive effects
@: lethally poisoned (-5 -> -12), glowing
A: (nimble swimmer 2), mertail
a: no special abilities


You were on level 2 of the Dungeon.
You visited 1 branch of the dungeon, and saw 2 of its levels.

You collected 89 gold pieces.

Inventory:

Hand Weapons
 a - a +0 spear (weapon)
 s - a +0 scythe
Armour
 b - a +0 robe
 d - an orb of light (worn)
 f - a +0 ring mail (worn)
 k - a +0 kite shield
Scrolls
 c - a scroll of immolation {unknown}
 g - a scroll of enchant armour {unknown}
 j - a scroll of enchant weapon {unknown}
 l - a scroll of brand weapon {unknown}
 m - a scroll of teleportation {unknown}
 n - 2 scrolls of identify {unknown}
 o - 2 scrolls of vulnerability {unknown}
 p - a scroll of revelation {unknown}
Potions
 e - 3 potions of degeneration {unknown}
 h - a potion of heal wounds {unknown}
 i - a potion of might {unknown}
 q - a potion of haste {unknown}
 r - a potion of enlightenment {unknown}
 t - a potion of mutation {unknown}


   Skills:
 + Level 5.1 Fighting
 + Level 6.1 Polearms
 + Level 6.1 Dodging


You had 5 spell levels left.
You didn't know any spells.
Your spell library contained the following spells:

 Spells                   Type           Power      Damage    Failure   Level
 Shock                    Conj/Air       0%         1d3       65%         1
 Lesser Beckoning         Tloc           0%         N/A       80%         2
 Dazzling Flash           Conj/Hex       0%         N/A       95%         3
 Gell's Gravitas          Tloc           0%         N/A       95%         3
 Swiftness                Air            0%         N/A       95%         3
 Teleport Other           Tloc           0%         N/A       95%         3
 Volatile Blastmotes      Fire/Tloc      0%         2d10      95%         3
 Airstrike                Air            0%         2d(0-16)  100%        4
 Starburst                Conj/Fire      0%         6d3       100%        6
 Maxwell's Capacitive Co  Air            0%         ∞         100%        8


Dungeon Overview and Level Annotations

Branches:
Dungeon (2/15)

Altars:

Annotations:
D:2 Crazy Yiuf


Innate Abilities, Weirdness & Mutations

((You are very nimble when in or above water. (Stealth+, EV+, Speed+++)))
Your lower body shifts to a powerful aquatic tail in water.


Message History

There is an open door here.
You see here the felid skeleton of Natasha.
t - a golden potion
There is a stone staircase leading up here.
You open the door.
Found a runed translucent door.
You can't go up here!
Unknown command.
You can't wield that with only one hand.
Crazy Yiuf shouts!
You open the door. You hit Crazy Yiuf.
Crazy Yiuf is lightly wounded.
Crazy Yiuf barely misses you.
You hit Crazy Yiuf but do no damage.
Crazy Yiuf is lightly wounded.
Crazy Yiuf hits you with a +3 quarterstaff of chaos!
You hit Crazy Yiuf but do no damage.
Crazy Yiuf is lightly wounded.
Crazy Yiuf grits, "Millenium!
Whiteboard noodlescoop unthinkable."
Crazy Yiuf closely misses you.
You hit Crazy Yiuf.
Crazy Yiuf is moderately wounded.
Crazy Yiuf hits you with a +3 quarterstaff of chaos!
You are poisoned.
You hit Crazy Yiuf.
Crazy Yiuf is heavily wounded.
You feel very sick.
You hit Crazy Yiuf but do no damage.
Crazy Yiuf is heavily wounded.
You feel sick.
Crazy Yiuf hits you with a +3 quarterstaff of chaos!
Crazy Yiuf burns you.
You hit Crazy Yiuf but do no damage.
Crazy Yiuf is heavily wounded.
You feel sick.
Crazy Yiuf hits you with a +3 quarterstaff of chaos!
* * * LOW HITPOINT WARNING * * *
Crazy Yiuf burns you.
You die...

#.###...##.#
#.........####### #.#
#...##.#
#................ #.#
######.#
#.........####### #.#
### ########..# # #.#
########## #.#
#......... #.# ######
### ##########
#.#####..'.## ###..)#
#...........####@g...#
#######......#..##...#
# ##.+..#.### ### #
######## # # ### #
#.###########
#............
###################


You could see Crazy Yiuf.

Vanquished Creatures
  Sigmund (D:2)
  Natasha (thrice) (D:2)
  2 adders (D:2)
  A dart slug (D:1)
  2 bats (D:2)
  An endoplasm (D:1)
  3 giant cockroaches
  5 goblins
  2 hobgoblins (D:1)
  A quokka (D:1)
  3 ball pythons (D:1)
  4 frilled lizards
  3 kobolds
  2 rats
33 creatures vanquished.

Notes
Turn   | Place    | Note
-------+----------+-------------------------------------------
     0 | D:1      | Arcadio the Merfolk Monk began the quest for the Orb.
     0 | D:1      | Reached XP level 1. HP: 18/18 MP: 1/1
   346 | D:1      | Reached XP level 2. HP: 17/24 MP: 2/2
   709 | D:2      | Reached XP level 3. HP: 25/30 MP: 3/3
   747 | D:2      | Noticed Sigmund
  1074 | D:2      | Noticed Natasha
  1101 | D:2      | Killed Natasha
  1102 | D:2      | Reached XP level 4. HP: 23/37 MP: 4/4
  1185 | D:2      | Reached skill level 5 in Polearms
  1185 | D:2      | Reached skill level 5 in Dodging
  1469 | D:2      | Noticed Natasha
  1481 | D:2      | Killed Natasha
  1642 | D:2      | Noticed Natasha
  1653 | D:2      | Killed Natasha
  1654 | D:2      | Reached XP level 5. HP: 9/43 MP: 5/5
  1889 | D:2      | Killed Sigmund
  1890 | D:2      | Reached skill level 5 in Fighting
  1890 | D:2      | Reached XP level 6. HP: 16/51 MP: 6/6
  2250 | D:2      | Found a runed translucent door.
  2251 | D:2      | Noticed Crazy Yiuf
  2261 | D:2      | HP: 1/51 [Crazy Yiuf/+3 quarterstaff of chaos (11)]
  2261 | D:2      | Slain by Crazy Yiuf

Illustrated notes

Levels and vault maps discovered:
D:1:      beargit_arrival_greenhouse, layout_basic, minmay_split_cup_small
D:2:      layout_basic, uniq_crazy_yiuf_cottage, uniq_natasha, uniq_sigmund

Skill      XL: |  1  2  3  4  5 |
---------------+----------------+-----
Fighting       | 4 5 |  5.1
Polearms       | 5 6 |  6.1
Dodging        | 5 6 |  6.1

Action                     |  1- 3 |  4- 6 || total
---------------------------+-------+-------++-------
  Melee: Spear             |    93 |    62 ||   155
    Use: Potion            |     1 |       ||     1
 Armour: Ring mail         |    58 |    41 ||    99
         Robe              |     2 |       ||     2
  Dodge: Dodged            |    57 |    24 ||    81
